 Dungeon Crawl Stone Soup version 0.29-a0-352-g0917bc69df (webtiles) character file.

Game seed: 12180043619854315664

17 spaghetti the Ducker (level 2, -1/37 HPs)
             Began as a Djinni Berserker on Apr 24, 2022.
             Was a Follower of Trog.
             Slain by a hobgoblin (3 damage)
             ... on level 1 of the Dungeon.
             The game lasted 00:00:59 (466 turns).

spaghetti the Ducker (Djinni Berserker)              Turns: 466, Time: 00:00:59

Health: -1/37      AC:  2    Str: 16    XL:     2   Next: 80%
Gold:   9          EV: 12    Int:  8    God:    Trog [*.....] SH:  0 Dex: 12

rFire   + + .      SeeInvis .   a - +0 falchion {long}
rCold   x . .      Faith    .   (no shield)
rNeg    . . .      Spirit   .   b - +0 animal skin
rPois   ∞          Reflect  .   (no helmet)
rElec   .          Harm     .   (no cloak)
rCorr   .          Rampage  .   (no gloves)
Will    .....                   (boots unavailable)
Stlth   ..........              (no amulet)
HPRegen 0.12/turn               (no ring)
MPRegen 0.00/turn               (no ring)

@: berserking, flying, very quick
A: sickness immunity, fire resistance 2, cold vulnerability 1, float, innate
caster, HP casting, extra vitality 1
a: Renounce Religion, Berserk


You were on level 1 of the Dungeon.
You worshipped Trog.
Trog was aware of your devotion.
You visited 1 branch of the dungeon, and saw 1 of its levels.

You collected 9 gold pieces.


Innate Abilities, Weirdness & Mutations

You are immune to sickness and miasma.
You are immune to poison.
Your flesh is very heat resistant. (rF++)
You are vulnerable to cold. (rC-)
You float through the air rather than walking.
You learn spells naturally, not from books.
Your magical power is your life essence.
You have superior vitality. (+4 MHP)


   Skills:
 - Level 3.0 Fighting
 - Level 2.6 Long Blades
 + Level 0.6 Throwing
 - Level 2.0 Armour
 + Level 3.2 Dodging


You had one spell level left.
You didn't know any spells.
Your spell library was empty.

Inventory:

Hand Weapons
 a - a +0 falchion (weapon) {long}
Missiles
 c - 13 stones (quivered) {throwing}
Armour
 b - a +0 animal skin (worn)

Dungeon Overview and Level Annotations

Branches:
Dungeon (1/15)

Altars:

##..#####>##....
##.### #.>.....
#...####...... ##
###......##...
#..####
##....####....
#......####..#.##
#.#..
.........†..#..#
##)#..
.........####.##
#..#.. .......@.#
.# #.##..
.....bg†.# ##
###.#...
.........#
#.....##
..........
#.....#
.........##
#.....#
.........#
#....##
.......$.# #....#
...$.....# ######


You could see a hobgoblin and a bat.


Message History

You hit the endoplasm but do no damage. The bat barely misses you.
The endoplasm closely misses you. The jackal bites you.
The endoplasm closely misses you.
You are too injured to fight recklessly!
You are too injured to fight recklessly! 😕 HP[-3]
You take 3 damage, and now have 22/25 hp.
You are too injured to fight recklessly!
You are too injured to fight recklessly!
You are too injured to fight recklessly!
You are too injured to fight recklessly!
You are too injured to fight recklessly!
You are too injured to fight recklessly!
You are too injured to fight recklessly!
You are too injured to fight recklessly!
You are too injured to fight recklessly!
You are too injured to fight recklessly!
You are too injured to fight recklessly!
You are too injured to fight recklessly!
You are too injured to fight recklessly!
You are too injured to fight recklessly!
You are too injured to fight recklessly!
You are too injured to fight recklessly!
You are too injured to fight recklessly!
You are too injured to fight recklessly!
You are too injured to fight recklessly!
Unknown command.
You hit the endoplasm.
You kill the endoplasm!
Trog accepts your kill. The bat hits you. The jackal bites you. 😕 HP[-2]
You take 2 damage, and now have 20/25 hp.
You closely miss the jackal. The bat misses you. The jackal barely misses you.
The jackal closely misses you. The dart slug launches a dart at you.
The slug dart hits you. 😮 HP[-2]
You take 2 damage, and now have 18/25 hp.
You closely miss the jackal. The bat completely misses you.
The jackal barely misses you. The bat barely misses you.
The jackal bites you. 😮 HP[-1]
You take 1 damage, and now have 17/25 hp.
You slash the jackal!
You kill the jackal!
Trog accepts your kill. The bat hits you but does no damage.
The hobgoblin closely misses you. The hobgoblin barely misses you.
The bat closely misses you.
You barely miss the hobgoblin. The bat barely misses you.
The hobgoblin closely misses you. The hobgoblin barely misses you.
You hit the hobgoblin. The bat hits you but does no damage.
The hobgoblin barely misses you. The bat closely misses you.
The hobgoblin completely misses you. The hobgoblin hits you.
The hobgoblin hits you but does no damage. 😮 HP[-3]
You take 3 damage, and now have 14/25 hp.
You slash the hobgoblin!
You kill the hobgoblin!
Trog accepts your kill. The bat completely misses you.
The hobgoblin closely misses you. 😮 HP[+1]
You hit the dart slug. The bat hits you. The hobgoblin hits you.
* * * LOW HITPOINT WARNING * * *
The dart slug bites you.
* * * LOW HITPOINT WARNING * * *
😨 HP[-6]
You take 6 damage, and now have 9/25 hp.
MASSIVE DAMAGE!! (PAUSE) Unknown command.
You hit the dart slug. The bat hits you.
* * * LOW HITPOINT WARNING * * *
The hobgoblin hits you but does no damage. 😨 HP[-1]
You take 1 damage, and now have 8/25 hp.
You hit the dart slug. The bat closely misses you. The hobgoblin hits you.
* * * LOW HITPOINT WARNING * * *
The dart slug closely misses you. 😱 HP[-2]
You take 2 damage, and now have 6/25 hp.
You completely miss the dart slug. The bat hits you.
* * * LOW HITPOINT WARNING * * *
The hobgoblin hits you.
* * * LOW HITPOINT WARNING * * *
The dart slug launches a dart at you. The slug dart misses you. 😱 HP[-2]
You take 2 damage, and now have 4/25 hp.
You hit the dart slug.
You kill the dart slug!
Trog accepts your kill. The bat barely misses you. The hobgoblin hits you.
* * * LOW HITPOINT WARNING * * *
😱 HP[-3]
You take 3 damage, and now have 1/25 hp.
You aren't carrying any potions.
Unknown command.
A red film seems to cover your vision as you go berserk!
You feel yourself moving faster!
You feel mighty! The bat barely misses you. The hobgoblin hits you.
You die...

Skill      XL: |  1  2 |
---------------+-------+-----
Dodging        | 3 |  3.2
Fighting       | |  3.0
Long Blades    | |  2.6
Throwing       | |  0.6
Armour         | |  2.0

Action                   || total
-------------------------++-------
Melee: Falchion          ||    51
       Punch             ||     1
Invok: Berserk           ||     2
Armor: Animal skin       ||    22
Dodge: Dodged            ||    61

Levels and vault maps discovered:
D:1:      minmay_arrival_loop, layout_rooms

Notes
Turn   | Place    | Note
-------+----------+-------------------------------------------
     0 | D:1      | spaghetti the Djinni Berserker began the quest for the Orb.
     0 | D:1      | Reached XP level 1. HP: 20/20 MP: 0/0
     0 | D:1      | magus.rc [v1.9.6]
    58 | D:1      | magus.rc [v1.9.6]
    76 | D:1      | Reached XP level 2. HP: 9/25 MP: 0/0
   338 | D:1      | Reached skill level 3 in Dodging
   463 | D:1      | HP: 6/25 [hobgoblin (2)]
   465 | D:1      | HP: 1/25 [hobgoblin (3)]
   466 | D:1      | Slain by a hobgoblin

Vanquished Creatures
  A dart slug (D:1)
  An endoplasm (D:1)
  A hobgoblin (D:1)
  2 jackals (D:1)
  3 bats (D:1)
  3 kobolds (D:1)
  4 rats (D:1)
15 creatures vanquished.

Table legend:
 A = Non-vault XP
 B = Vault XP
 C = Vault XP percentage of total XP
 D = Non-vault monster count
 E = Vault monster count
 F = Vault count percentage of total count
                 A         B        C        D         E       F
            +---------+---------+-------+---------+---------+-------
      Total |      25 |       0 |   0.0 |      15 |       0 |   0.0
            +---------+---------+-------+---------+---------+-------
        D:1 |      25 |       0 |   0.0 |      15 |       0 |   0.0
            +---------+---------+-------+---------+---------+-------

Illustrated notes

Table legend:
 A = Kills in this place as a percentage of kills in entire the game.
 B = Kills by you in this place as a percentage of kills by you in the entire game.
 C = Kills by friends in this place as a percentage of kills by friends in the entire game.
 D = Other kills in this place as a percentage of other kills in the entire game.
 E = Experience gained in this place as a percentage of experience gained in the entire game.
 F = Experience gained in this place divided by the number of levels of this place that you have seen.
                   A       B       C       D       E      F
               +-------+-------+-------+-------+-------+----------------------
         Total | 100.0 | 100.0 |   N/A |   N/A | 100.0 |  25.0
       Dungeon | 100.0 | 100.0 |   N/A |   N/A | 100.0 |  25.0
               +-------+-------+-------+-------+-------+----------------------

Table legend: (Time is in decaauts)
 A = Elapsed time spent in this place.
 B = Non-inter-level travel time spent in this place.
 C = Inter-level travel time spent in this place.
 D = Time resting spent in this place.
 E = Time spent auto-exploring this place.
 F = Levels seen in this place.
 G = Mean time per level.
                   A        B        C        D        E       F      G
               +--------+--------+--------+--------+--------+-----+--------+
         Total |    481 |    481 |      0 |    197 |    197 |   1 |  481.0 |
       Dungeon |    481 |    481 |      0 |    197 |    197 |   1 |  481.0 |
               +--------+--------+--------+--------+--------+-----+--------+

Top non-repeatable levels by time:
     D:1: 481 daAuts
